Match 41399170
Unlisted

Match 41399170
End
Kettenkrad Recon Vehicle
Construct Infanterie Kompanie
Grenadier Squad
Grenadier Squad
Grenadier Squad
Infanterie Officer Quarters
MG 42 Machine Gun Team
Construct Luftwaffe Kompanie
Flak 30 Anti-aircraft Gun Team
Jäger Squad
Support Elements
Marder III M Tank Destroyer
Jäger Squad
Pioneer Squad
Medical Bunker
Luftwaffe Officer Quarters
Marder III M Tank Destroyer
Jäger Squad
Construct Panzer Kompanie
Grand.G
Wodan
0
0

Comments sign in to comment!

No comments posted yet!